 Dungeon Crawl Stone Soup version 0.14-a0-155-gd989017 (console) character file.

218 caseyjones the Cudgeler (level 5, -5/54 HPs)
             Began as an Ogre Berserker on Oct 5, 2013.
             Was a Priest of Trog.
             Slain by a giant slug (16 damage)
             ... on Level 4 of the Dungeon.
             The game lasted 00:12:02 (1550 turns).

caseyjones the Cudgeler (Ogre Berserker)            Turns: 1550, Time: 00:12:02

HP  -5/54        AC  3     Str 22      XL: 5   Next:  1%
MP   4/4         EV 10     Int  6      God: Trog [***...]
Gold 102         SH  0     Dex 10      Spells:  0 memorised,  4 levels left

Res.Fire  : + . .   See Invis. : +   a - +0 mace
Res.Cold  : . . .   Warding    : .   b - +0 animal skin
Life Prot.: . . .   Conserve   : .   (shield restricted)
Res.Poison: .       Res.Corr.  : .   i - +0 wizard hat {MR+}
Res.Elec. : .       Clarity    : .   (no cloak)
Sust.Abil.: . .     Spirit.Shd : .   (gloves unavailable)
Res.Mut.  : .       Stasis     : .   (boots unavailable)
Res.Rott. : .       Flight     : .   s - amulet of inaccuracy {unknown}
Saprovore : + . .                    w - ring of protection from fire {unknown}
                                     q - ring of see invisible {unknown}

@: mildly poisoned, somewhat resistant to hostile enchantments, unstealthy
A: unfitting armour, fast metabolism 1, saprovore 1, tough skin 1
a: Burn Spellbooks, Berserk, Trog's Hand, Renounce Religion


You were on level 4 of the Dungeon.
You worshipped Trog.
Trog was most pleased with you.
You were not hungry.

You visited 1 branch of the dungeon, and saw 4 of its levels.

You collected 82 gold pieces.

Inventory:

Hand weapons
 a - a +0,+0 mace (weapon)
Armour
 b - a +0 animal skin (worn)
 i - a +0 wizard hat of magic resistance (worn)
Magical devices
 v - a wand of draining (2)
Comestibles
 c - 2 meat rations
Scrolls
 d - 2 scrolls of noise {unknown}
 e - 3 scrolls of blinking {unknown}
 h - a scroll of enchant armour {unknown}
 k - 3 scrolls of teleportation
 l - 3 scrolls of identify
 m - a scroll of recharging {unknown}
 n - a scroll of magic mapping {unknown}
 o - a scroll of enchant weapon II {unknown}
 p - a scroll of curse jewellery {unknown}
 t - 3 scrolls of remove curse {unknown}
 u - a scroll of amnesia {unknown}
Jewellery
 q - a ring of see invisible (left hand) {unknown}
 s - an amulet of inaccuracy (around neck) {unknown}
 w - a ring of protection from fire (right hand) {unknown}
Potions
 f - a potion of invisibility {unknown}
 g - 2 potions of confusion {unknown}
 j - 5 potions of curing {unknown}
 r - 2 potions of restore abilities {unknown}


   Skills:
 - Level 4.0 Fighting
 + Level 7.3 Maces & Flails
 - Level 2.9 Dodging


You had 4 spell levels left.
You didn't know any spells.

Dungeon Overview and Level Annotations

Branches:
Dungeon (4/27)
 Temple: D:4-7

Altars:
Kikubaaqudgha
Nemelex Xobeh
Okawaru
Xom


Innate Abilities, Weirdness & Mutations

You are too large for most types of armour.
You have a fast metabolism.
You can tolerate rotten meat.
You have tough skin (AC +1).


Message History

Trog accepts your kill.
Your Maces & Flails skill increases to level 7!
You have reached level 5!
The jellyfish stings you.
You are poisoned.
The jellyfish hits you but does no damage.
The giant goldfish bites you!
You completely miss the jellyfish.
The jellyfish stings you but does no damage.
The jellyfish hits you but does no damage.
The giant goldfish bites you!
* * * LOW HITPOINT WARNING * * *
You hit the jellyfish.
The jellyfish is lightly wounded.
The jellyfish stings you but does no damage.
The jellyfish hits you but does no damage.
The giant goldfish bites you!
* * * LOW HITPOINT WARNING * * *
The giant slug bites you!
You die...

..... #........
......... ##.........
#.........?.
#######...........
###.................
.....................
....P≈≈P.....<.>......
PPP.≈;≈j@.P...........
...≈≈≈s;J............
.≈≈≈≈≈≈{%....!......
≈≈≈≈≈≈≈≈≈..?........
≈≈≈≈≈≈≈≈≈..........
.≈≈≈≈≈≈P.........
.≈≈≈≈P.........
.≈≈≈....... P..


You could see a giant slug, 2 giant goldfish, a jellyfish and a giant centipede.

Vanquished Creatures
  A jellyfish (D:4)
  3 adders
  A giant gecko (D:1)
  An ooze (D:2)
  An orc (D:3)
  A ball python (D:1)
  4 bats
  5 giant cockroaches
  3 goblins
  6 hobgoblins
  2 jackals (D:3)
  11 kobolds
  4 giant newts
  3 rats
46 creatures vanquished.

Notes
Turn   | Place    | Note
--------------------------------------------------------------
     0 | D:1      | caseyjones, the Ogre Berserker, began the quest for the Orb.
     0 | D:1      | Reached XP level 1. HP: 23/23 MP: 0/0
   153 | D:1      | Reached XP level 2. HP: 32/32 MP: 1/1
   260 | D:1      | Reached skill level 5 in Maces & Flails
   334 | D:1      | Acquired Trog's second power
   416 | D:1      | Reached XP level 3. HP: 37/39 MP: 2/2
   659 | D:2      | Found a shimmering altar of Xom.
   823 | D:2      | Found an ancient bone altar of Kikubaaqudgha.
  1181 | D:2      | Reached skill level 6 in Maces & Flails
  1245 | D:3      | Found an iron altar of Okawaru.
  1255 | D:3      | Reached XP level 4. HP: 38/48 MP: 3/3
  1454 | D:3      | Found a sparkling altar of Nemelex Xobeh.
  1542 | D:4      | Noticed a giant slug
  1543 | D:4      | Noticed a giant goldfish
  1543 | D:4      | Noticed a giant goldfish
  1548 | D:4      | Reached skill level 7 in Maces & Flails
  1548 | D:4      | Reached XP level 5. HP: 42/54 MP: 4/4
  1550 | D:4      | Slain by a giant slug

Action                   |  1- 3 |  4- 6 || total
-------------------------+-------+-------++-------
Melee: Mace              |   101 |    44 ||   145
Evoke: Wand              |       |     1 ||     1
  Use: Scroll            |     2 |       ||     2
 Stab: Sleeping          |     1 |       ||     1
